 Dungeon Crawl Stone Soup version 0.27.0-1-g7a089689b8 (webtiles) character file.

Game seed: 13301662066128181300

383438 ABBCCCDDDD the Eye of the Storm (level 21, -1/159 HPs)
             Began as a Demonspawn Gladiator on Aug 7, 2021.
             Was a Priest of Qazlal.
             Killed from afar by a quicksilver dragon (43 damage)
             ... with a bolt of dispelling energy
             ... on level 2 of the Depths.
             The game lasted 02:12:21 (66080 turns).

ABBCCCDDDD the Eye of the Storm (DsGl)             Turns: 66080, Time: 02:12:21

Health: -1/159     AC: 26    Str: 23    XL:     21   Next: 95%
Magic:  35/35      EV: 13    Int: 10    God:    Qazlal [***...]
Gold:   1453       SH: 19    Dex: 21    Spells: 22/30 levels left

rFire    + + +     SeeInvis +   a - +9 demon whip (freeze)
rCold    + . .     Faith    .   v - +0 kite shield
rNeg     . . .     Spirit   .   t - +3 plate armour {Will+}
rPois    .         Reflect  .   (helmet unavailable)
rElec    +         Harm     .   S - scarf {rC+ rF+}
rCorr    .         Rampage  +   T - +2 pair of gloves "Ungisok" {Rampage SInv}
Will     ++...                  N - +0 pair of boots
Stlth    ..........             c - amulet of the acrobat
HPRegen  0.36/turn              y - ring "Omeukk" {Fire rElec Dex+5 Slay+3 Stlth-}
MPRegen  0.24/turn              Q - ring of protection from cold

@: no status effects
A: antennae 3, molten scales 3, demonic guardian 2, frail 1, powered by death 2,
inability to use devices, no air magic, no necromancy magic, no transmutations
magic, unskilled 1, bedeviling
}: 2/15 runes: decaying, gossamer
a: Renounce Religion, Upheaval, Elemental Force


You were on level 2 of the Depths.
You worshipped Qazlal.
Qazlal was most pleased with you.
You visited 8 branches of the dungeon, and saw 39 of its levels.
You also visited: Ossuary.

You collected 4606 gold pieces.
You spent 3153 gold pieces at shops.

Inventory:

Hand Weapons
 a - a +9 demon whip of freezing (weapon)
 U - a +5 antimagic demon whip
Missiles
 d - 3 throwing nets
 G - 116 poisoned darts (quivered)
Armour
 t - a +3 plate armour of willpower (worn)
 v - a +0 kite shield (worn)
 N - a +0 pair of boots (worn)
 S - a scarf of resistance (worn)
 T - the +2 pair of gloves "Ungisok" (worn) {Rampage SInv}
   (You bought it in a shop on level 14 of the Dungeon)

   SInv:      It lets you see invisible.
   Rampage:   It bestows one free step when moving towards enemies.
Jewellery
 b - a ring of protection from fire
 c - an amulet of the acrobat (around neck)
 p - a +4 ring of evasion
 r - an amulet of magic regeneration
 y - the ring "Omeukk" (left hand) {Fire rElec Dex+5 Slay+3 Stlth-}
   (You found it on level 13 of the Dungeon)

   [ring of fire]

   It enhances your fire magic.
   Dex:       It affects your dexterity (+5).
   Slay:      It affects your accuracy & damage with ranged weapons and melee
   (+3).
   rF:        It protects you from fire.
   rC:        It makes you vulnerable to cold.
   rElec:     It insulates you from electricity.
   Stlth:     It makes you less stealthy.
 E - a +4 ring of protection
 J - a ring of resist corrosion
 K - a ring of poison resistance
 Q - a ring of protection from cold (right hand)
Scrolls
 i - 7 scrolls of enchant armour
 j - a scroll of summoning
 k - 11 scrolls of teleportation
 m - 2 scrolls of immolation
 n - 2 scrolls of torment
 o - 9 scrolls of vulnerability
 q - 2 scrolls of blinking
 s - 6 scrolls of fog
 x - a scroll of silence
 D - a scroll of brand weapon
 F - 2 scrolls of magic mapping
 H - 12 scrolls of identify
 O - 5 scrolls of fear
Potions
 f - 2 potions of resistance
 h - 9 potions of lignification
 l - 6 potions of attraction
 u - 9 potions of brilliance
 w - 11 potions of curing
 z - 2 potions of berserk rage
 A - 5 potions of invisibility
 B - 8 potions of flight
 C - 11 potions of ambrosia
 I - 3 potions of might
 L - 4 potions of haste
 M - 3 potions of magic
 P - a potion of cancellation
 R - 5 potions of heal wounds


   Skills:
 + Level 18.3 Fighting
 - Level 3.6(8.5) Axes
 - Level 11.7(12.0) Maces & Flails
 - Level 1.5 Throwing
 - Level 10.0 Armour
 - Level 10.0 Dodging
 - Level 15.0 Shields
 + Level 5.2 Spellcasting
 + Level 5.5 Translocations
 - Level 20.0 Invocations


You had 22 spell levels left.
You knew the following spells:

 Your Spells              Type           Power      Damage    Failure   Level
a - Blink                 Tloc           N/A        N/A       38%         2
b - Invisibility          Hex            1%         N/A       100%        6

Your spell library contained the following spells:

 Spells                   Type           Power      Damage    Failure   Level
 Apportation              Tloc           26%        N/A       28%         1
 Lesser Beckoning         Tloc           6%         N/A       63%         3
 Corona                   Hex            3%         N/A       95%         1
 Summon Small Mammal      Summ           8%         N/A       95%         1
 Portal Projectile        Hex/Tloc       24%        N/A       95%         3
 Call Canine Familiar     Summ           2%         N/A       100%        3
 Summon Guardian Golem    Hex/Summ       3%         N/A       100%        3
 Animate Armour           Summ/Erth      4%         N/A       100%        4
 Hailstorm                Conj/Ice       2%         3d3       100%        4
 Leda's Liquefaction      Hex/Erth       1%         N/A       100%        4
 Olgreb's Toxic Radiance  Pois           2%         N/A       100%        4
 Sticky Flame             Conj/Fire      3%         2d3       100%        4
 Summon Ice Beast         Ice/Summ       2%         N/A       100%        4
 Manifold Assault         Tloc           13%        N/A       100%        5
 Summon Mana Viper        Hex/Summ       3%         N/A       100%        5
 Iron Shot                Conj/Erth      1%         9d1       100%        6
 Monstrous Menagerie      Summ           1%         N/A       100%        7
 Ozocubu's Refrigeration  Ice            1%         4d5       100%        7
 Summon Hydra             Summ           1%         N/A       100%        7
 Ignition                 Fire           1%         3d3       100%        8
 Animate Skeleton         Necr           Unusable   N/A       N/A         1
 Pain                     Necr           Unusable   1d4       N/A         1
 Sting                    Tmut/Pois      Unusable   1d3       N/A         1
 Poisonous Vapours        Pois/Air       Unusable   N/A       N/A         2
 Static Discharge         Conj/Air       Unusable   N/A       N/A         2
 Sublimation of Blood     Necr           Unusable   N/A       N/A         2
 Wereblood                Tmut           Unusable   N/A       N/A         2
 Vampiric Draining        Necr           Unusable   2d6       N/A         3
 Dispel Undead            Necr           Unusable   3d7       N/A         4
 Ice Form                 Ice/Tmut       Unusable   N/A       N/A         4
 Alistair's Intoxication  Tmut/Pois      Unusable   N/A       N/A         5
 Blade Hands              Tmut           Unusable   N/A       N/A         5
 Simulacrum               Ice/Necr       Unusable   N/A       N/A         6

Dungeon Overview and Level Annotations

Branches:
Dungeon (15/15)            Temple (1/1) D:7            Lair (6/6) D:8
  Swamp (4/4) Lair:4       Spider (4/4) Lair:4        Slime (0/5) Lair:5
    Orc (2/2) D:11            Elf (0/3) Orc:2        Vaults (4/5) D:13
  Crypt (0/3) Vaults:2     Depths (3/5) D:15        Ossuary (visited)

Altars:
Ashenzari
Cheibriados
Dithmenos
Elyvilon
Fedhas
Gozag
Hepliaklqana
Kikubaaqudgha
Makhleb
Nemelex Xobeh
Okawaru
Qazlal
Ru
Sif Muna
Trog
Uskayaw
Vehumet
Wu Jian
Xom
Yredelemnul
Zin
The Shining One
Lugonu

Shops:
D:12 [(   D:14 [   Orc:1 ?   Orc:2 **=   Vaults:1 !   Vaults:4 ?   Depths:2 ((?

Portals:
Hell: Depths:1 Depths:2
Abyss: Depths:1 Depths:2
Ziggurat: Depths:1


Innate Abilities, Weirdness & Mutations

You have a pair of large antennae on your head. (SInv)
You are completely covered in molten scales. (AC +4, rF+)
A demonic guardian rushes to your aid.
You are frail. (-10% HP)
You regenerate health from kills.
You cannot study or use magical devices.
You cannot study or cast Air magic.
You cannot study or cast Necromancy magic.
You cannot study or cast Transmutations magic.
You are somewhat unskilled. (-1 Apt)
Your hexes are more powerful.


Message History

The stone giant throws a large rock.
The large rock misses you.
There is a stone staircase leading up, spattered with blood here.
You block the quicksilver dragon's attack.
The quicksilver dragon claws you!
The quicksilver dragon breathes dispelling energy at you.
The bolt of dispelling energy hits you!!
You climb upwards.
There is a stone staircase leading down, spattered with blood here.
You closely miss the quicksilver dragon.
You whack the quicksilver dragon! You freeze the quicksilver dragon.
The quicksilver dragon is lightly wounded.
The quicksilver dragon misses you.
The quicksilver dragon closely misses you.
You hit the quicksilver dragon. You freeze the quicksilver dragon.
The quicksilver dragon is moderately wounded.
You block the quicksilver dragon's attack.
The quicksilver dragon completely misses you.
You whack the quicksilver dragon! You freeze the quicksilver dragon.
The quicksilver dragon is moderately wounded.
The quicksilver dragon bites you!
You block the quicksilver dragon's attack.
You whack the quicksilver dragon! You freeze the quicksilver dragon.
The quicksilver dragon is heavily wounded.
You miss the quicksilver dragon.
The quicksilver dragon is heavily wounded.
The quicksilver dragon breathes dispelling energy at you.
The bolt of dispelling energy hits you!!!
* * * LOW HITPOINT WARNING * * *
A demonic guardian appears!
You hit the quicksilver dragon. You freeze the quicksilver dragon.
The quicksilver dragon is severely wounded.
You block the quicksilver dragon's attack. x2
You whack the quicksilver dragon! You freeze the quicksilver dragon.
The quicksilver dragon is almost dead.
You block the quicksilver dragon's attack. x2
You whack the quicksilver dragon! You freeze the quicksilver dragon.
The quicksilver dragon is almost dead.
The quicksilver dragon breathes dispelling energy at you.
The bolt of dispelling energy hits you!!!
You die...

.......#.....#.####
.......##.⌠.##....#
#).⌠..########....#####
.....## #....#...#
....## #....'...# ...##
#....#...# ..##
#######'## .##
#.D(#...# ## #3@.'...#
#.○.#...# ######### ###
#.#


You could see a quicksilver dragon (catching breath, ally target) and a friendly
smoke demon (summoned).

Vanquished Creatures
  the Lernaean hydra (Swamp:4)
  Frederick (Vaults:3)
  Saint Roka (Orc:2)
  A tentacled monstrosity (Swamp:4)
  A lich (Depths:2)
  Asterion (Depths:2)
  Frances (D:12)
  Gastronok (D:8)
  2 thorn hunters
  3 sphinxes
  2 shadow dragons
  A frost giant (Depths:2)
  8 fire giants
  A balrug (Depths:1)
  4 emperor scorpions
  13 vault wardens
  6 ghouls
  5 ghost moths
  12 ironbound preservers
  4 war gargoyles
  The ghost of Riymurr the Phalangite, a journeyman MfMo of Hepliaklqana (Lair:5)
  5 very ugly things
  8 stone giants
  Nessos (D:15)
  5 vampire knights
  2 entropy weavers
  7 spark wasps
  5 dire elephants
  8 bunyips
  6 eleionomae
  3 ettins
  A crystal guardian (Vaults:4)
  5 yaktaur captains
  Snorg (Orc:1)
  2 fire dragons
  8 ironbound thunderhulks
  2 great orbs of eyes
  An ice dragon (Depths:1)
  6 vault guards
  A deep elf high priest (Vaults:3)
  20 hydras
  3 boulder beetles
  3 peacekeepers
  A rakshasa (Depths:2)
  11 ironbound frosthearts
  A catoblepas (Lair:3)
  3 ghost crabs
  23 centaur warriors
  2 spriggan air magi
  A death knight (D:15)
  2 tengu warriors
  9 alligators
  A death yak (D:8)
  2 deep troll earth magi
  4 two-headed ogres
  Erica (D:8)
  4 vampire magi
  3 ironbound beastmasters
  2 spriggan berserkers
  6 hell knights
  A sun demon (Depths:1)
  A skeletal warrior (D:15)
  2 iron trolls (Depths:2)
  The ghost of RandomHacker the Zephyrmancer, a novice TeAE of Qazlal (D:8)
  A storm dragon skeleton (Depths:2)
  33 deep trolls
  6 goliath frogs
  A glowing orange brain (Depths:2)
  A flayed ghost (Depths:2)
  4 spriggan druids
  2 bog bodies (Swamp:3)
  9 ironbound convokers
  A golden dragon skeleton (Depths:2)
  8 wizards
  Pikel (D:8)
  17 swamp dragons
  A tengu zombie (Depths:2)
  5 necromancers
  3 harpies (Vaults:1)
  2 phantasmal warriors (D:15)
  17 orb spiders
  A salamander (Depths:3)
  4 deep elf pyromancers
  3 orc sorcerers
  2 stone giant zombies (Depths:1)
  6 orc knights
  29 wolf spiders
  24 ugly things
  2 oklob plants (Lair:2)
  A moth of wrath (Spider:1)
  2 will-o-the-wisps (Swamp:3)
  3 cyclopes
  2 manticores
  Maurice (D:8)
  5 black mambas
  5 centaur zombies
  5 torpor snails
  A cane toad (shapeshifter) (D:13)
  An elephant (D:7)
  An eye of devastation (Lair:5)
  12 vault sentinels
  21 cane toads
  A smoke demon (Depths:1)
  3 gargoyles
  An unseen horror (D:11)
  4 rime drakes
  A kobold demonologist (D:11)
  8 komodo dragons
  32 yaktaurs
  A spark wasp simulacrum (Depths:2)
  14 demonic crawlers
  A tengu conjurer (Depths:2)
  37 jumping spiders
  The ghost of braks the Sneak, an amateur NaEn (D:4)
  5 polar bears
  5 meliai
  6 trolls
  The ghost of inmateoo the Skirmisher, an amateur FoSu (D:4)
  A queen bee (Lair:5)
  8 tyrant leeches
  22 hornets
  21 slime creatures
  23 blink frogs
  A deep troll zombie (Depths:1)
  6 dream sheep (Lair:5)
  A centaur simulacrum (D:14)
  27 tarantellas
  A shadow (D:7)
  9 wyverns
  11 spriggans
  16 humans (D:13)
  The ghost of Skimidon the Skirmisher, an amateur MiFi (D:6)
  A fire dragon skeleton (Depths:1)
  77 yaks
  4 vampires
  6 wraiths
  80 redbacks
  A fire elemental (D:15)
  2 hogs (D:8)
  4 basilisks
  2 steam dragons
  An elf simulacrum (Depths:2)
  8 vampire mosquitoes
  An acid dragon (D:7)
  13 swamp worms
  13 water moccasins
  4 hell hounds (D:15)
  A floating eye (Lair:5)
  9 swamp drakes
  33 orc warriors
  A hornet zombie (D:3)
  2 ice beasts
  4 sky beasts
  9 black bears
  A deep troll simulacrum (Depths:1)
  4 necrophages
  13 ogres
  11 wolves
  10 centaurs
  2 phantoms
  A lemure (D:8)
  15 bullfrogs
  A scorpion (D:5)
  A wyvern zombie (D:8)
  A gnoll sergeant (D:9)
  A wyvern skeleton (D:5)
  A water moccasin skeleton (D:5)
  12 killer bees
  9 wights
  A howler monkey (D:7)
  15 electric eels
  A lava snake (D:15)
  A jelly (D:7)
  4 hounds
  8 orc priests
  A gnoll shaman (D:6)
  3 iguanas
  13 orc wizards
  A killer bee zombie (D:7)
  A hound skeleton (D:5)
  8 mummies
  4 howler monkey zombies (D:9)
  3 gnolls (D:9)
  11 adders
  A white imp (D:7)
  2 worms
  A dart slug (D:1)
  62 orcs
  4 bats (D:1)
  2 endoplasms (D:1)
  A giant cockroach (D:3)
  5 goblins
  5 hobgoblins
  2 jackals
  9 kobolds
  3 ball pythons
  5 frilled lizards
  2 hobgoblin zombies
  5 kobold zombies
  3 orc zombies (Ossuary)
  9 rats
  2 butterflies (Lair:2)
1323 creatures vanquished.

Vanquished Creatures (collateral kills)
  2 ghost moths (Spider:3)
  An emperor scorpion (Spider:3)
  Azrael (D:15)
  A dire elephant (Vaults:1)
  A boulder beetle (Lair:6)
  A hydra (Lair:3)
  A vault guard (D:13)
  2 two-headed ogres
  An iron troll (Depths:2)
  A salamander mystic (Depths:3)
  A deep troll (Vaults:2)
  A wizard (Vaults:1)
  An ironbound convoker (Vaults:2)
  An orb spider (Spider:4)
  A wolf spider (Spider:3)
  A salamander (Depths:3)
  A manticore (D:6)
  A vault sentinel (Vaults:2)
  A yaktaur (Vaults:1)
  A jumping spider (Spider:4)
  A meliai (D:15)
  A slime creature (Vaults:4)
  A blink frog (Lair:6)
  4 redbacks
  A shadow (D:7)
  3 yaks (Lair:6)
  3 basilisks
  6 orc warriors
  A centaur (Orc:2)
  An ogre (Orc:2)
  2 wolves (Lair:6)
  A bullfrog (D:6)
  A gnoll shaman (D:6)
  An orc priest (Orc:1)
  An orc wizard (Orc:2)
  6 orcs
  A goblin (D:2)
  A jackal (D:1)
58 creatures vanquished.

Vanquished Creatures (others)
  2 deep elf elementalists (Depths:2)
  An orc high priest (Orc:1)
  A spriggan druid (Swamp:1)
  An orc knight (Orc:2)
  An orb spider (Spider:4)
  2 yaktaurs
  2 trolls
  4 bloated husks
  A hornet (Swamp:1)
  3 spriggans
  A tarantella (Spider:2)
  A swamp worm (Swamp:1)
  2 orc warriors (Orc:2)
  A centaur (Orc:2)
  A wight (D:7)
  2 orc wizards (Orc:2)
  A mummy (Ossuary)
  4 orcs
  11 briar patches
  2 foxfires (Swamp:3)
  24 fungi
  79 plants
  5 toadstools (Depths:3)
  7 withered plants (D:6)
159 creatures vanquished.

Grand Total: 1540 creatures vanquished

Notes
Turn   | Place    | Note
-------+----------+-------------------------------------------
     0 | D:1      | ABBCCCDDDD the Demonspawn Gladiator began the quest for the
                  | Orb.
     0 | D:1      | Reached XP level 1. HP: 16/16 MP: 1/1
    81 | D:1      | Found a faded altar of an unknown god.
   133 | D:1      | Gained mutation: A weak demonic guardian rushes to your
                  | aid. [demonic ancestry]
   133 | D:1      | Reached XP level 2. HP: 20/22 MP: 2/2
   293 | D:1      | Noticed a golden eye
   298 | D:1      | Noticed a shining eye
   302 | D:1      | Noticed a golden eye
   302 | D:1      | Noticed a golden eye
   763 | D:2      | Gained mutation: You are partially covered in molten
                  | scales. (AC +2) [demonic ancestry]
   763 | D:2      | Reached XP level 3. HP: 26/28 MP: 3/3
  1140 | D:2      | Noticed an ogre
  1682 | D:3      | Reached XP level 4. HP: 33/34 MP: 4/4
  2014 | D:3      | Found a radiant altar of Vehumet.
  2930 | D:3      | Reached skill level 1 in Armour
  2930 | D:3      | Reached XP level 5. HP: 17/41 MP: 2/5
  3197 | D:4      | Noticed a centaur
  3443 | D:4      | Killed a centaur
  3444 | D:4      | Reached XP level 6. HP: 45/48 MP: 6/6
  3806 | D:4      | Found a runed translucent gate.
  3811 | D:4      | Found a runed translucent gate.
  3842 | D:4      | Found a runed translucent gate.
  3843 | D:4      | Noticed braks's ghost (amateur NaEn)
  3844 | D:4      | Noticed inmateoo's ghost (amateur FoSu)
  4009 | D:4      | Found a sacrificial altar of Ru.
  4029 | D:4      | Became a worshipper of Ru the Awakened
  4152 | D:5      | Entered Level 5 of the Dungeon
  4176 | D:5      | Found a burning altar of Makhleb.
  4205 | D:5      | Reached XP level 7. HP: 54/55 MP: 7/7
  4277 | D:5      | Reached skill level 5 in Fighting
  4782 | D:5      | Reached skill level 5 in Dodging
  4879 | D:5      | Reached XP level 8. HP: 50/64 MP: 4/8
  5258 | D:5      | HP: 3/64 [poisoned by a water moccasin]
  5581 | D:5      | Noticed a two-headed ogre
  6041 | D:6      | Noticed a manticore
  6041 | D:6      | Noticed Skimidon's ghost (amateur MiFi)
  6042 | D:6      | Found a runed translucent gate.
  6043 | D:6      | Noticed a two-headed ogre
  6044 | D:6      | Found a runed translucent gate.
  6044 | D:6      | Found a runed translucent gate.
  6074 | D:6      | Reached skill level 5 in Armour
  6338 | D:6      | Found a sand-covered staircase.
  6349 | Ossuary  | Entered an ossuary
  6392 | Ossuary  | Gained mutation: You are somewhat unskilled. (-1 Apt) [Ru
                  | sacrifice]
  6392 | Ossuary  | Reduced skill Dodging to level 5
  6392 | Ossuary  | Reached * piety under Ru
  6661 | Ossuary  | Reached skill level 1 in Maces & Flails
  6831 | D:6      | Found an ancient bone altar of Kikubaaqudgha.
  6942 | D:6      | Gained mutation: You regenerate a little health from kills.
                  | [demonic ancestry]
  6942 | D:6      | Reached XP level 9. HP: 29/71 MP: 7/9
  7400 | D:6      | You fall into a shaft and drop 2 floors!
  7400 | D:8      | Noticed a two-headed ogre
  7401 | D:8      | Noticed a two-headed ogre
  7461 | D:7      | Noticed a gargoyle
  7855 | D:6      | Reached skill level 1 in Shields
  8534 | D:7      | Noticed a troll
  8613 | D:6      | Killed a troll
  8879 | D:7      | Found a staircase to the Ecumenical Temple.
  9241 | D:8      | Noticed a two-headed ogre
  9261 | D:8      | Noticed Maurice
  9468 | D:7      | Reached skill level 5 in Maces & Flails
  9542 | D:7      | Gained mutation: You are mostly covered in molten scales.
                  | (AC +3) [demonic ancestry]
  9542 | D:7      | Reached XP level 10. HP: 79/79 MP: 10/10
  9589 | D:7      | Noticed a cyclops
 10015 | D:7      | Killed a cyclops
 10344 | D:7      | Noticed a gargoyle
 10344 | D:7      | Noticed a two-headed ogre
 10845 | D:7      | Identified the +10 flail of Woe {vorpal, Str+5}
 10882 | D:7      | Noticed a manticore
 11051 | D:8      | Noticed an elephant
 11051 | D:8      | Noticed Gastronok
 11053 | D:8      | Noticed Pikel
 11084 | D:8      | Found a huge runed translucent gate.
 11087 | D:8      | Found a huge runed translucent gate.
 11087 | D:8      | Noticed a death yak
 11088 | D:8      | Found a huge runed translucent gate.
 11089 | D:8      | Found a huge runed translucent gate.
 11133 | D:8      | Killed a two-headed ogre
 11154 | D:8      | Killed Pikel
 11169 | D:8      | Gained mutation: You are frail. (-10% HP) [Ru sacrifice]
 11169 | D:8      | Reached ** piety under Ru
 11169 | D:8      | Reached *** piety under Ru
 11197 | D:8      | Killed Maurice
 11335 | D:8      | Found a runed translucent gate.
 11335 | D:8      | Found a runed translucent gate.
 11335 | D:8      | Found a runed translucent gate.
 11335 | D:8      | Noticed RandomHacker's ghost (novice TeAE)
 11378 | D:8      | Found a staircase to the Lair.
 11564 | D:9      | Gained mutation: A demonic guardian rushes to your aid.
                  | [demonic ancestry]
 11564 | D:9      | Reached XP level 11. HP: 75/75 MP: 11/11
 11608 | D:9      | You fall into a shaft and drop 3 floors!
 11909 | D:10     | Entered Level 10 of the Dungeon
 11975 | D:10     | Noticed a two-headed ogre
 11996 | D:10     | Reached skill level 10 in Maces & Flails
 12003 | D:10     | Killed a two-headed ogre
 12371 | D:9      | You fall into a shaft and drop 1 floor!
 12494 | D:10     | Paralysed by a hornet for 1 turns
 13097 | D:9      | Gained mutation: You cannot study or cast Air magic. [Ru
                  | sacrifice]
 13097 | D:9      | Gained mutation: You cannot study or cast Transmutations
                  | magic. [Ru sacrifice]
 13097 | D:9      | Gained mutation: You cannot study or cast Necromancy magic.
                  | [Ru sacrifice]
 13097 | D:9      | Reached **** piety under Ru
 14241 | D:11     | Found a staircase to the Orcish Mines.
 14390 | Orc:1    | Entered Level 1 of the Orcish Mines
 14432 | Orc:2    | Entered Level 2 of the Orcish Mines
 14432 | Orc:2    | Noticed Snorg
 14452 | Orc:1    | Killed Snorg
 14750 | Orc:2    | Found a staircase to the Elven Halls.
 14763 | Orc:1    | Noticed an orc sorcerer
 14769 | Orc:1    | Killed an orc sorcerer
 14771 | Orc:1    | Noticed an orc high priest
 14774 | Orc:1    | Gained mutation: You are completely covered in molten
                  | scales. (AC +4, rF+) [demonic ancestry]
 14774 | Orc:1    | Reached XP level 12. HP: 73/87 MP: 10/12
 15076 | Orc:1    | Found Idyleh's Magic Scroll Emporium.
 15086 | Orc:1    | Bought a scroll of blinking for 97 gold pieces
 15086 | Orc:1    | Bought a scroll of teleportation for 39 gold pieces
 15086 | Orc:1    | Bought a scroll of teleportation for 39 gold pieces
 15086 | Orc:1    | Bought a scroll of acquirement for 676 gold pieces
 15086 | Orc:1    | Bought a scroll of teleportation for 39 gold pieces
 15088 | Orc:1    | Acquired a +2 demon whip of draining
 15437 | Orc:1    | Killed an orc high priest
 15438 | Orc:1    | Reached skill level 10 in Fighting
 15627 | Orc:2    | Noticed Saint Roka
 15760 | Orc:2    | HP: 4/87 [centaur/arrow (2)]
 16778 | Orc:2    | Gained mutation: You cannot study or use magical devices.
                  | [Ru sacrifice]
 16778 | Orc:2    | Reached ***** piety under Ru
 16778 | Orc:2    | Reached ****** piety under Ru
 18301 | Temple   | Entered the Ecumenical Temple
 18479 | Temple   | Fell from the grace of Ru
 18479 | Temple   | Became a worshipper of Qazlal Stormbringer
 18534 | D:7      | Killed a two-headed ogre
 18535 | D:7      | Reached skill level 2 in Invocations
 18693 | D:7      | Reached skill level 3 in Invocations
 18706 | D:7      | Reached skill level 4 in Invocations
 18798 | D:6      | Killed a two-headed ogre
 18810 | D:6      | Reached skill level 5 in Invocations
 18816 | D:6      | Killed Skimidon's ghost
 18912 | D:4      | Killed braks's ghost
 18928 | D:4      | Killed inmateoo's ghost
 19016 | D:8      | Killed a two-headed ogre
 19017 | D:8      | Reached skill level 6 in Invocations
 19103 | D:8      | Killed a two-headed ogre
 19208 | D:12     | Reached skill level 7 in Invocations
 19436 | D:12     | Found Tunos's Antique Armour Shop.
 19445 | D:12     | Noticed a boulder beetle
 19446 | D:12     | Found Tusk's Antique Weapon Emporium.
 19456 | D:12     | Gained mutation: You have a pair of small antennae on your
                  | head. [demonic ancestry]
 19456 | D:12     | Reached XP level 13. HP: 78/95 MP: 15/18
 19484 | D:12     | Reached skill level 8 in Invocations
 19734 | D:12     | Bought a runed buckler for 217 gold pieces
 20023 | D:12     | Noticed Frances
 20584 | Orc:2    | Killed Saint Roka
 20585 | Orc:2    | Reached skill level 10 in Invocations
 20610 | Orc:2    | Reached * piety under Qazlal
 20946 | Orc:2    | Found Tycw's Assorted Antiques.
 20946 | Orc:2    | Found Nousouri's Assorted Antiques.
 20948 | Orc:2    | Found Deegip's Antique Weapon Emporium.
 20950 | Orc:2    | Found Effasieh's Jewellery Shop.
 20954 | Orc:2    | Bought a coppery potion for 29 gold pieces
 20954 | Orc:2    | Bought a scroll labelled CAHY PELYIHIERPH for 33 gold
                  | pieces
 20954 | Orc:2    | Bought a scroll labelled SENNOY REPPU for 33 gold pieces
 20954 | Orc:2    | Bought a scroll of blinking for 247 gold pieces
 21021 | Orc:2    | Bought a scroll of identify for 54 gold pieces
 21554 | D:13     | Reached skill level 11 in Invocations
 21947 | D:12     | Found a basalt altar of Yredelemnul.
 22320 | D:14     | Reached skill level 12 in Invocations
 22668 | Lair:1   | Entered Level 1 of the Lair of Beasts
 22938 | Lair:1   | Reached skill level 13 in Invocations
 23309 | Lair:1   | Reached skill level 14 in Invocations
 23414 | Lair:1   | Reached XP level 14. HP: 97/101 MP: 21/24
 23415 | Lair:1   | Reached XP level 15. HP: 104/107 MP: 21/25
 23667 | Lair:2   | Reached ** piety under Qazlal
 24452 | Lair:2   | Reached XP level 16. HP: 113/113 MP: 26/26
 24830 | Lair:2   | Reached *** piety under Qazlal
 26450 | Lair:4   | Found a staircase to the Swamp.
 26956 | Lair:4   | Reached **** piety under Qazlal
 26987 | Lair:4   | Learned a level 2 spell: Blink
 26994 | Lair:4   | Learned a level 6 spell: Invisibility
 27066 | Lair:4   | Found a hole to the Spider Nest.
 27150 | Lair:5   | Reached skill level 15 in Invocations
 27251 | Lair:5   | Found a staircase to the Slime Pits.
 27711 | Lair:5   | Found a transporter.
 27716 | Lair:5   | Found a transporter.
 27717 | Lair:5   | Noticed Riymurr's ghost (journeyman MfMo)
 27943 | Lair:6   | Entered Level 6 of the Lair of Beasts
 28160 | Lair:6   | Reached ***** piety under Qazlal
 29397 | Spider:1 | Entered Level 1 of the Spider Nest
 30793 | Spider:1 | Reached skill level 16 in Invocations
 32048 | Spider:2 | Reached XP level 17. HP: 116/123 MP: 29/29
 34588 | Spider:3 | Reached skill level 17 in Invocations
 35755 | Spider:4 | Entered Level 4 of the Spider Nest
 36710 | Spider:3 | Reached ****** piety under Qazlal
 39222 | Spider:3 | Reached skill level 10 in Dodging
 39223 | Spider:3 | Reached skill level 18 in Invocations
 41596 | Spider:3 | Reached skill level 10 in Armour
 41951 | Spider:4 | Gained mutation: You have a pair of antennae on your head.
                  | [demonic ancestry]
 41951 | Spider:4 | Reached XP level 18. HP: 131/131 MP: 31/31
 42211 | Spider:4 | Got a gossamer rune of Zot
 42495 | D:8      | Killed Gastronok
 42543 | D:8      | Noticed Erica
 42543 | D:8      | Found a hazy altar of Hepliaklqana.
 42554 | D:8      | Killed Erica
 42709 | D:8      | Killed RandomHacker's ghost
 42710 | D:8      | Reached skill level 19 in Invocations
 43208 | D:12     | Killed Frances
 43701 | Lair:5   | Killed Riymurr's ghost
 44134 | D:13     | Found an iron altar of Okawaru.
 44134 | D:13     | Identified the ring "Omeukk" {Fire rElec Dex+5 Slay+3
                  | Stlth-}
 44377 | D:13     | Reached skill level 20 in Invocations
 44378 | D:13     | Found a gate to the Vaults.
 44539 | Vaults:1 | Entered Level 1 of the Vaults
 44749 | Vaults:1 | Reached skill level 5 in Shields
 46333 | Vaults:1 | Found Xaluj's Distillery.
 46343 | Vaults:1 | Bought a potion of curing for 45 gold pieces
 46343 | Vaults:1 | Bought 2 potions of heal wounds for 150 gold pieces
 46343 | Vaults:1 | Bought a potion of curing for 45 gold pieces
 46343 | Vaults:1 | Bought a potion of berserk rage for 75 gold pieces
 46343 | Vaults:1 | Bought a potion of resistance for 150 gold pieces
 46343 | Vaults:1 | Bought a potion of curing for 45 gold pieces
 46958 | D:14     | Found Eneugod's Armour Emporium.
 46965 | D:14     | Bought the +2 pair of gloves "Ungisok" {Rampage SInv} for
                  | 411 gold pieces
 47716 | D:15     | Entered Level 15 of the Dungeon
 47725 | D:15     | Noticed Azrael
 47735 | D:15     | Killed Azrael
 47765 | D:15     | Gained mutation: You have a pair of large antennae on your
                  | head. (SInv) [demonic ancestry]
 47765 | D:15     | Reached XP level 19. HP: 119/138 MP: 31/33
 48156 | D:15     | Noticed Nessos
 48166 | D:15     | Killed Nessos
 48195 | D:15     | Found a staircase to the Depths.
 48250 | D:15     | Reached skill level 15 in Fighting
 48502 | D:15     | Found a shimmering altar of Xom.
 48844 | Depths:1 | Entered Level 1 of the Depths
 48877 | D:15     | Paralysed by a vampire knight for 7 turns
 48878 | D:15     | HP: 6/139 [vampire knight (11)]
 49917 | Swamp:1  | Entered Level 1 of the Swamp
 50329 | Swamp:1  | Reached skill level 10 in Shields
 52580 | Swamp:4  | Entered Level 4 of the Swamp
 53867 | Swamp:4  | Noticed the 27-headed Lernaean hydra
 53878 | Swamp:4  | Killed the 27-headed Lernaean hydra
 53879 | Swamp:4  | Gained mutation: Your hexes are more powerful. [demonic
                  | ancestry]
 53879 | Swamp:4  | Reached XP level 20. HP: 147/147 MP: 9/34
 54141 | Swamp:4  | Got a decaying rune of Zot
 54863 | Vaults:2 | Reached skill level 1 in Spellcasting
 56790 | Vaults:2 | Found a staircase to the Crypt.
 58990 | Vaults:3 | Noticed Frederick
 59003 | Vaults:3 | Killed Frederick
 60032 | Vaults:4 | Gained mutation: You regenerate health from kills. [demonic
                  | ancestry]
 60032 | Vaults:4 | Reached XP level 21. HP: 147/155 MP: 35/35
 60370 | Vaults:4 | Found Jagoxt's Magic Scroll Shoppe.
 60384 | Vaults:4 | Bought a scroll of fog for 26 gold pieces
 60384 | Vaults:4 | Bought a scroll of silence for 97 gold pieces
 60384 | Vaults:4 | Bought a scroll of enchant armour for 97 gold pieces
 60384 | Vaults:4 | Bought a scroll of teleportation for 39 gold pieces
 60384 | Vaults:4 | Bought a scroll of magic mapping for 45 gold pieces
 60384 | Vaults:4 | Bought a scroll of fog for 26 gold pieces
 61291 | Depths:1 | Found a one-way gate to the infinite horrors of the Abyss.
 61313 | Depths:1 | Reached skill level 15 in Shields
 61423 | Depths:1 | Found a gateway to a ziggurat.
 61897 | Depths:1 | Reached skill level 5 in Spellcasting
 61967 | Depths:1 | Found a gateway to Hell.
 62121 | Depths:2 | Noticed Asterion
 62140 | Depths:1 | Reached skill level 1 in Translocations
 62162 | Depths:2 | Killed Asterion
 62213 | Depths:2 | Identified the +11 longbow of Victory {venom, rElec rC+
                  | Dex+4 Stlth-}
 62216 | Depths:2 | Found Ipsouq's Antique Weapon Emporium.
 62226 | Depths:2 | Found Paronk's Antique Weapon Emporium.
 63447 | Depths:2 | Found Zajyozaw's Magic Scroll Shop.
 63476 | Depths:2 | Paralysed by a great orb of eyes for 5 turns
 63792 | Depths:2 | Bought a scroll of teleportation for 42 gold pieces
 63792 | Depths:2 | Bought a scroll of teleportation for 42 gold pieces
 63792 | Depths:2 | Bought a scroll of enchant weapon for 105 gold pieces
 63792 | Depths:2 | Bought a scroll of enchant armour for 105 gold pieces
 63792 | Depths:2 | Bought a scroll of enchant armour for 105 gold pieces
 63810 | Depths:2 | Found a corrupted altar of Lugonu.
 64483 | Depths:2 | Identified the +0 plate armour of the Butterfly {Fly rF++
                  | Slay+2}
 65166 | Depths:2 | Reached skill level 5 in Translocations
 66080 | Depths:2 | Killed from afar by a quicksilver dragon

Illustrated notes

Levels and vault maps discovered:
D:1:      amcnicky_arrival_choice, layout_basic,
          hellmonk_ecumenical_altar_watching_god
D:2:      layout_basic, minmay_fractal_squares_gapless_5
D:3:      layout_basic, general_overflow_altar, kennysheep_generic_room_15
D:4:      layout_basic, overflow_temple_1_default, gammafunk_ghost_cemetery
D:5:      layout_basic, makhleb_blood_cavern_becter
D:6:      layout_layer_cave, kiku_gazebo_garden_becter, gammafunk_ghost_split,
          nicolae_ossuary_entry_giza
D:7:      minmay_the_grid_triangle_9x9_rhombus_thin
          [minmay_the_grid_triangle_9x9_cache,
          minmay_the_grid_triangle_9x9_prize_insulated,
          minmay_the_grid_triangle_9x9_thin_v,
          minmay_the_grid_triangle_9x9_negative_grid], layout_basic,
          lemuel_temple_firewalk_b
D:8:      lemuel_bear_cage, layout_cave_pools, jmf_multi_god_temple,
          david_lair_generic, gammafunk_ghost_spectres, uniq_gastronok,
          uniq_maurice, uniq_pikel, uniq_erica
D:9:      layout_basic, grunt_ministairs_14
D:10:     layout_cave_pods
D:11:     layout_irregular_city, orc_0_dummy
D:12:     layout_basic, nicolae_wooded_promenade,
          lemuel_zombie_altar_yredelemnul, uniq_frances
D:13:     layout_loops_ring, grunt_vaults_entry_tiered, okawaru_gym_becter
D:14:     layout_irregular_city, serial_shops, shop,
          portal_ice_cave_entry_pillars_three
D:15:     grunt_enter_depths_giant_problem, layout_basic, serial_park_square3
          [serial_park_minivault_5x5_1], xom_teletrap_fun, uniq_nessos,
          uniq_azrael
Temple:   eino_temple_rhombus
Lair:1:   layout_gridlike, minivault_19, chequers_serial_rivers_small_a,
          nicolae_quartered_pool_super, minivault_26, grunt_megastairs_2
Lair:2:   layout_cave_pods, grunt_megastairs_4, lemuel_fruit_fields,
          minmay_lair_oklob_chamber
Lair:3:   minmay_lair_venomous_thicket, layout_regular_city, serial_bayou,
          serial_bayou_pond_a, serial_bayou_pond_a, serial_bayou_pond_e,
          serial_bayou_lagoon_a, serial_bayou_pond_d, serial_bayou_lake_a
Lair:4:   layout_gridlike, minmay_swamp_entry_eels, spider_nest_entry_web_field,
          chequers_serial_rivers_micro_a, grunt_megastairs_1,
          serial_bayou_shore_a
Lair:5:   layout_gridlike, minmay_slime_entry_eyes, gammafunk_ghost_hive
Lair:6:   minmay_lair_end_frog_pond, layout_layer_cave, serial_bayou_shore_b
Swamp:1:  layout_basic_swamp, evilmike_swamp_ruin_house_6, swamp_pool1
Swamp:2:  layout_falls_marsh, evilmike_swamp_ruin_rubble_2
Swamp:3:  layout_basic_swamp, evilmike_swamp_ruin_house_2
Swamp:4:  swamp_old_school, layout_basic_swamp, infiniplex_staircase_pool
Spider:1: nicolae_spider_hilbert_zone_5 [nicolae_spider_hilbert_3_sides_1_open,
          nicolae_spider_hilbert_4_sides_1_open,
          nicolae_spider_hilbert_4_sides_1_open,
          nicolae_spider_hilbert_6_sides_1_open,
          nicolae_spider_hilbert_6_sides_1_open]
Spider:2: layout_spider_delve
Spider:3: layout_chambers
Spider:4: grunt_spider_rune_island
Orc:1:    layout_diamond_mine, serial_shops,
          nicolae_shop_temple_entry_statues_fountains
Orc:2:    st_orc_rangers, layout_caves, uniq_saint_roka, uniq_snorg
Vaults:1: vaults_room_grid, v_misc_5, v_misc_25, v_misc_28,
          nicolae_vaults_yaktaur_gun_rack, ontoclasm_vaults_hangar,
          vaults_room_grunt_arrival_ludios, vaults_room_semicircle,
          layout_vaults_big_cross, serial_shops, nicolae_shop_stone
Vaults:2: hangedman_vaults_corner_blocks, nicolae_vaults_circle_grid_a,
          v_misc_27, ontoclasm_vaults_loading_screen, hangedman_vaults_locks,
          minmay_crypt_entry_vampire_xt, v_alt_pattern_4, v_misc_33,
          nicolae_vaults_shelves_hall, layout_vaults_chaotic_city
Vaults:3: hangedman_vaults_pinch, vaults_room_ringed_pool, st_cross,
          layout_vaults_omnigrid, uniq_frederick
Vaults:4: ontoclasm_vaults_ligature, v_pattern_3, vaults_room_corners,
          hangedman_vaults_stretched_pinwheel, grunt_vaults_focal,
          nicolae_vaults_network_barrier, ontoclasm_vaults_shuriken,
          vaults_mumra_minichess, vaults_standard_mumra_lines,
          nicolae_vaults_ring_of_whatevers, st_lines, vaults_room_fours,
          layout_vaults_ring, serial_shops, shop
Depths:1: layout_cave_shapes, enter_ziggurat_a, abyss_entry,
          nicolae_tso_swordbearing_angel, lightli_too_deep,
          lemuel_flamethrower_2
Depths:2: minmay_ambush_box, layout_cave_shapes, abyss_entry_flame_altar,
          hell_entry, serial_shops, shop, st_stairs_7,
          minmay_staircase_windowed_small, grunt_megastairs_3, minmay_shop_star,
          uniq_asterion
Depths:3: hangedman_cross_stitches, layout_cave_pools, hell_entry,
          chequers_serial_rivers_small_b, grunt_pan_entry_zigzag,
          minmay_gold_behind_fungi, firewood_loft,
          infiniplex_staircase_zigzag_5, serial_bayou_shore_b,
          serial_bayou_shore_b

Skill      XL: |  1  2  3  4  5  6  7  8  9 10 11 12 13 14 15 16 17 18 19 20 21 |
---------------+----------------------------------------------------------------+-----
Axes           | 3 4 3 |  3.6
Fighting       | 3 4 5 6 7 9 11 13 14 16 18 | 18.3
Armour         | 1 2 3 4 4 6 7 8 10 | 10.0
Dodging        | 3 4 5 5 6 7 9 10 | 10.0
Maces & Flails | 2 5 9 11 | 11.7
Shields        | 4 8 12 14 15 | 15.0
Invocations    | 7 14 16 18 20 | 20.0
Spellcasting   | 4 5 |  5.2
Translocations | 5 |  5.5
Throwing       | |  1.5

Action                   |  1- 3 |  4- 6 |  7- 9 | 10-12 | 13-15 | 16-18 | 19-21 || total
-------------------------+-------+-------+-------+-------+-------+-------+-------++-------
Melee: War axe           |   130 |    44 |       |       |       |       |       ||   174
       Dagger            |       |    15 |       |       |       |       |       ||    15
       Flail             |       |    80 |   482 |   402 |       |       |       ||   964
       Demon whip        |       |       |       |   342 |   372 |  2330 |  2009 ||  5053
Throw: Throwing net      |     1 |     2 |       |       |       |       |       ||     3
       Dart              |       |     6 |    75 |    52 |     3 |       |       ||   136
Invok: Sacrifice Skill   |       |       |     1 |       |       |       |       ||     1
       Sacrifice Health  |       |       |       |     1 |       |       |       ||     1
       Sacrifice Arcana  |       |       |       |     1 |       |       |       ||     1
       Power Leap        |       |       |       |     1 |       |       |       ||     1
       Apocalypse        |       |       |       |     1 |       |       |       ||     1
       Sacrifice Artific |       |       |       |     1 |       |       |       ||     1
       Upheaval          |       |       |       |       |       |    13 |    36 ||    49
       Elemental Force   |       |       |       |       |       |     2 |     5 ||     7
Evoke: Wand              |       |       |     4 |     8 |       |       |       ||    12
       Box of beasts     |       |       |       |     2 |       |       |       ||     2
       Phantom mirror    |       |       |       |     2 |       |       |       ||     2
  Use: Scroll            |     1 |     2 |     2 |    21 |    13 |     9 |    13 ||    61
       Potion            |       |       |     5 |     7 |     5 |    11 |     6 ||    34
 Stab: Held in net/web   |       |     1 |       |       |       |       |       ||     1
       Distracted        |       |       |       |     9 |       |     1 |     2 ||    12
       Invisible         |       |       |       |     5 |    11 |       |       ||    16
       Paralysed         |       |       |       |     3 |       |       |     3 ||     6
Armor: Leather armour    |    61 |       |       |       |       |       |       ||    61
       Ring mail         |       |    91 |   168 |     4 |       |       |       ||   263
       Plate armour      |       |       |       |   329 |   104 |  1032 |   426 ||  1891
Dodge: Dodged            |   121 |    86 |   391 |   389 |    94 |   986 |   470 ||  2537
       Repelled          |       |       |       |       |       |     7 |    15 ||    22
Block: Buckler           |       |       |    41 |   161 |    86 |  1320 |    53 ||  1661
       Kite shield       |       |       |       |       |       |       |  1187 ||  1187
